 Dungeon Crawl Stone Soup version 0.31-a0-1405-g2bb1a01664 (webtiles) character file.

Game seed: 12138277475202017873

1597 timneilson the Covered (level 8, -15/49 HPs)
             Began as a Gargoyle Fighter on Dec 25, 2023.
             Killed from afar by Dowan (17 damage)
             ... with a shard of ice
             ... on level 5 of the Dungeon.
             The game lasted 00:07:34 (3521 turns).

timneilson the Covered (Gargoyle Fighter)           Turns: 3521, Time: 00:07:34

Health: -15/49     AC: 14    Str: 21    XL:     8   Next: 93%
Magic:  8/8        EV: 10    Int:  8    God:
Gold:   229        SH:  6    Dex: 11    Spells: 7/7 levels left

rFire   . . .        a - +0 long sword
rCold   . . .        c - +1 buckler
rNeg    + . .        b - +0 scale mail
rPois   ∞            m - +0 helmet
rElec   +            (no cloak)
rCorr   .            (no gloves)
SInv    .            (no boots)
Will    .....        (no amulet) Stlth
                     (no ring)
HPRegen 0.28/turn    (no ring)
MPRegen 0.11/turn

%: no passive effects
@: lit by a corona, hasted, glowing, very quick
A: sickness immunity, AC +5, negative energy resistance 1, electricity
resistance, torment resistance 1, petrification resistance
a: no special abilities


You were on level 5 of the Dungeon.
You visited 1 branch of the dungeon, and saw 5 of its levels.

You collected 229 gold pieces.

Inventory:

Hand Weapons
 a - a +0 long sword (weapon)
Armour
 b - a +0 scale mail (worn)
 c - a +1 buckler (worn)
 m - a +0 helmet (worn)
Scrolls
 f - 4 scrolls of identify
 h - a scroll of fear {unknown}
 j - a scroll of teleportation
 k - a scroll of fog
 l - a scroll of brand weapon {unknown}
Potions
 d - a potion of might
 e - 2 potions of brilliance
 i - a potion of enlightenment


   Skills:
 + Level 5.3 Fighting
 * Level 5.2 Long Blades
 * Level 6.8 Armour
 + Level 2.8 Dodging
 * Level 6.8 Shields


You had 7 spell levels left.
You didn't know any spells.
Your spell library contained the following spells:

 Spells                   Type           Power      Damage    Failure   Level
 Summon Small Mammal      Summ           0%         N/A       78%         1
 Call Canine Familiar     Summ           0%         N/A       98%         3
 Gell's Gravitas          Tloc           0%         N/A       98%         3
 Summon Guardian Golem    Hex/Summ       0%         N/A       98%         3
 Teleport Other           Tloc           0%         N/A       98%         3
 Tukima's Dance           Hex            0%         N/A       98%         3
 Passage of Golubria      Tloc           0%         N/A       100%        4
 Yara's Violent Unravell  Hex/Alch       0%         3d3       100%        5
 Dispersal                Tloc           0%         N/A       100%        6


Dungeon Overview and Level Annotations

Branches:
Dungeon (5/15)
 Temple: D:4-7

Altars:

Annotations:
D:5 Dowan, Eustachio


Innate Abilities, Weirdness & Mutations

You are immune to sickness and miasma.
Your stone body is resilient. (AC +5)
You are immune to poison.
You resist negative energy. (rN+)
You are resistant to electric shocks. (rElec)
You are resistant to unholy torment.
You are immune to petrification.


Message History

Duvessa is almost dead.
The iron imp disappears in a puff of smoke!
Duvessa says, "When magic and the sword combine, nothing stands against them."
You block Duvessa's attack.
Dowan points at you and mumbles some strange words.
The puff of flame hits you.
You hit Duvessa.
Duvessa is almost dead.
Duvessa says, "When magic and the sword combine, nothing stands against them."
You block Duvessa's attack. Dowan hits you but does no damage.
The howler monkey hoots and howls with incredible vigour!
You hit Duvessa but do no damage.
Duvessa is almost dead.
Duvessa hits you with a +0 short sword!
* * * LOW HITPOINT WARNING * * *
Dowan hits you but does no damage.
Unknown command.
You hit Duvessa.
You kill Duvessa!
Dowan screams, "No!
No!"
Dowan seems to find hidden reserves of power!
Dowan hits you but does no damage.
Eustachio gestures wildly while chanting.
Dowan casts a spell at you. The stone arrow hits you.
* * * LOW HITPOINT WARNING * * *
The howler monkey barely misses you.
You closely miss Dowan. Dowan hits you but does no damage.
The howler monkey hits you.
* * * LOW HITPOINT WARNING * * *
Eustachio gestures wildly while chanting.
Eustachio blinks!
Dowan mumbles some strange words.
Dowan blinks!
Okay, then.
You feel yourself speed up.
The howler monkey hits you but does no damage.
Dowan gestures at you while chanting. The shard of ice hits you!
You die...

...........#..#.# ###
##.##.##......#.# #.#
..............#.# #<#
##.##.##.....##.# #.# ..
#.##.....##.#########.###
.
...#.....##.............#
...#.....############.#.#
...#...5S############.#.#
.........Ybbh@...e.....#.#
....#.##.##############.#
. # ### #.# #.# #.# #.#
#.#


You could see an ice beast, Dowan (fast), a howler monkey, a crimson imp
(summoned), an adder and 2 bats.

Vanquished Creatures
  Pikel (D:5)
  Menkaure (D:4)
  Duvessa (D:5)
  A black bear (D:4)
  An ice beast (D:5)
  A phantom (D:4)
  A bullfrog (D:4)
  2 scorpions
  A bombardier beetle (D:5)
  3 hounds
  A jelly (D:5)
  An orc priest (D:4)
  A sleepcap (D:4)
  3 iguanas
  Natasha (D:3)
  An orc wizard (D:3)
  5 adders
  4 dart slugs
  2 orcs
  7 endoplasms
  A giant cockroach (D:4)
  14 goblins
  7 hobgoblins
  5 quokkas
  2 ball pythons
  A bat (D:1)
  2 frilled lizards
  A rat (D:1)
72 creatures vanquished.

Notes
Turn   | Place    | Note
-------+----------+-------------------------------------------
     0 | D:1      | timneilson the Gargoyle Fighter began the quest for the
                  | Orb.
     0 | D:1      | Reached XP level 1. HP: 14/14 MP: 1/1
   161 | D:1      | Reached XP level 2. HP: 19/19 MP: 2/2
   696 | D:2      | Reached XP level 3. HP: 20/23 MP: 3/3
  1488 | D:3      | Noticed Natasha
  1490 | D:3      | Killed Natasha
  1491 | D:3      | Reached XP level 4. HP: 28/28 MP: 4/4
  1852 | D:4      | Noticed a scorpion
  1904 | D:4      | Noticed a phantom
  1919 | D:4      | Killed a phantom
  1920 | D:4      | Reached skill level 1 in Dodging
  1920 | D:4      | Reached XP level 5. HP: 23/33 MP: 5/5
  2023 | D:4      | Reached XP level 6. HP: 38/38 MP: 6/6
  2142 | D:4      | Noticed a black bear
  2158 | D:4      | Killed a black bear
  2159 | D:4      | Reached skill level 5 in Armour
  2249 | D:4      | Reached skill level 5 in Shields
  2249 | D:4      | Reached XP level 7. HP: 38/43 MP: 7/7
  2698 | D:4      | Noticed Menkaure
  2770 | D:4      | Killed Menkaure
  2965 | D:5      | Entered Level 5 of the Dungeon
  3122 | D:5      | Reached XP level 8. HP: 40/48 MP: 8/8
  3233 | D:5      | Noticed Pikel
  3273 | D:5      | Killed Pikel
  3274 | D:5      | Reached skill level 5 in Fighting
  3274 | D:5      | Reached skill level 5 in Long Blades
  3475 | D:5      | Noticed Dowan
  3476 | D:5      | Noticed Duvessa
  3492 | D:5      | Noticed Eustachio
  3519 | D:5      | Killed Duvessa
  3520 | D:5      | HP: 1/49 [howler monkey (6)]
  3521 | D:5      | Killed from afar by Dowan

Illustrated notes

Levels and vault maps discovered:
D:1:      scummos_arrival_checkerplants, layout_loops_ring, minmay_tromino_v4_b
D:2:      layout_basic
D:3:      layout_basic, uniq_natasha
D:4:      layout_basic, dk_noncrumbling_4, uniq_menkaure
D:5:      layout_basic, uniq_eustachio, uniq_duvessa, uniq_pikel

Skill      XL: |  1  2  3  4  5  6  7  8 |
---------------+-------------------------+-----
Long Blades    | 2 3 4 5 |  5.2
Armour         | 4 5 6 |  6.8
Shields        | 4 5 6 |  6.8
Dodging        | 1 2 |  2.8
Fighting       | 4 5 |  5.3

Action                     |  1- 3 |  4- 6 |  7- 9 || total
---------------------------+-------+-------+-------++-------
  Melee: Long sword        |    99 |   101 |   160 ||   360
    Use: Scroll            |     4 |     5 |       ||     9
         Potion            |       |       |     2 ||     2
 Armour: Scale mail        |    63 |    81 |   118 ||   262
  Dodge: Dodged            |    41 |    47 |    61 ||   149
  Block: Buckler           |    16 |    35 |    54 ||   105

Table legend: (Time is in decaauts)
 A = Elapsed time spent in this place.
 B = Non-inter-level travel time spent in this place.
 C = Inter-level travel time spent in this place.
 D = Time resting spent in this place.
 E = Time spent auto-exploring this place.
 F = Levels seen in this place.
 G = Mean time per level.
                   A        B        C        D        E       F      G
               +--------+--------+--------+--------+--------+-----+--------+
         Total |   3627 |   3490 |    137 |    320 |   2137 |   5 |  725.4 |
       Dungeon |   3627 |   3490 |    137 |    320 |   2137 |   5 |  725.4 |
               +--------+--------+--------+--------+--------+-----+--------+

Top non-repeatable levels by time:
     D:4: 1141 daAuts
     D:2: 667 daAuts
     D:1: 658 daAuts
     D:3: 617 daAuts
     D:5: 542 daAuts
